 Dungeon Crawl Stone Soup version 0.25-a0-578-gc91f01c39c (webtiles) character file.

Game seed: 3648340391117831023, levelgen mode: deterministic

499 sanka the Covert (level 6, -2/28 HPs)
             Began as a Spriggan Enchanter on Mar 6, 2020.
             Was an Initiate of Wu Jian.
             Slain by a mummy (10 damage)
             ... in an ossuary.
             The game lasted 00:09:58 (5589 turns).

sanka the Covert (Spriggan Enchanter)               Turns: 5589, Time: 00:09:58

Health: -2/28      AC:  2    Str:  4    XL:     6   Next: 94%
Magic:  5/13       EV: 18    Int: 18    God:    Wu Jian [......]
Gold:   233        SH:  0    Dex: 17    Spells: 3/13 levels left

rFire    . . .     SeeInvis +   a - +0 dagger (pain)
rCold    . . .     Gourm    .   (shield restricted)
rNeg     . . .     Faith    .   n - +0 robe
rPois    .         Spirit   .   (helmet restricted)
rElec    .         Reflect  .   (no cloak)
rCorr    .         Harm     .   (gloves unavailable)
MR       +....                  (boots unavailable)
Stlth    ++++......             (no amulet)
HPRegen  0.09/turn              (no ring)
MPRegen  0.13/turn              (no ring)

@: confusing touch, very quick
A: very small, unfitting armour, see invisible, herbivore, speed 3, slow
metabolism 2
a: Renounce Religion


You were in an ossuary.
You worshipped Wu Jian.
Wu Jian was noncommittal.
You were very hungry.

You visited 2 branches of the dungeon, and saw 6 of its levels.
You also visited: Ossuary.

You collected 233 gold pieces.


Innate Abilities, Weirdness & Mutations

You are very small and have problems with some larger weapons.
You are too small for most types of armour.
You have supernaturally acute eyesight. (SInv)
You are a herbivore.
You cover ground extremely quickly.
You need to consume almost no food.


   Skills:
 - Level 5.1 Short Blades
 - Level 3.0 Dodging
 - Level 8.0 Stealth
 + Level 4.0 Spellcasting
 + Level 4.7 Hexes


You had 3 spell levels left.
You knew the following spells:

 Your Spells              Type           Power        Failure   Level  Hunger
x - Tukima's Dance        Hex            ###.....     6%          3    ###....
y - Animate Skeleton      Necr           N/A          14%         1    None
z - Ensorcelled Hibernat  Hex/Ice        ##....       9%          2    ##.....
X - Confusing Touch       Hex            ###.....     6%          3    ###....
Z - Corona                Hex            ###....      1%          1    None

Your spell library contained the following spells:

 Spells                   Type           Power        Failure   Level  Hunger
 Apportation              Tloc           #.....       14%         1    None
 Summon Small Mammal      Summ           #...         14%         1    None
 Dazzling Flash           Conj/Hex       ##....       17%         3    ###....

Inventory:

Hand Weapons
 a - a +0 dagger of pain (weapon)
 b - a +0 hunting sling of flaming
 f - a +1 short sword of flaming
 B - a +1 dagger
Missiles
 c - 187 stones (quivered)
 e - 30 poisoned darts
 k - 2 atropa-tipped darts
 o - 45 sling bullets
Armour
 i - a +0 buckler
 n - a +0 robe (worn)
Wands
 u - a wand of enslavement (6)
 y - a wand of paralysis (9)
Scrolls
 g - a scroll of noise {unknown}
 h - 2 scrolls of blinking {unknown}
 j - a scroll of magic mapping {unknown}
 m - 3 scrolls of identify {unknown}
 t - a scroll of teleportation {unknown}
 w - 2 scrolls of remove curse {unknown}
 x - a scroll of fear {unknown}
 z - a scroll of immolation {unknown}
Potions
 l - a potion of might {unknown}
 p - a potion of curing {unknown}
 q - a potion of invisibility {unknown}
 r - a potion of flight {unknown}
 s - a potion of haste {unknown}
 v - a potion of degeneration {unknown}
 A - 2 potions of brilliance {unknown}
Comestibles
 d - 7 rations

Dungeon Overview and Level Annotations

Branches:
Dungeon (5/15)             Temple (1/1) D:4         Ossuary (1/1)

Altars:
Ashenzari
Cheibriados
Dithmenos
Elyvilon
Fedhas
Hepliaklqana
Kikubaaqudgha
Makhleb
Okawaru
Qazlal
Ru
Sif Muna
Uskayaw
Vehumet
Wu Jian
Xom
Zin
The Shining One

▒+▒ +..
▒.▒▒▒▒▒
+.▒...▒
▒▒▒.Z.iM▒
▒.'.▒MZ∩▒
▒▒▒.▒▒▒▒▒
+.+ ▒.▒
'M▒ ▒.'
+M▒ ▒M▒


You could see a mummy, a worker ant zombie, a giant cockroach zombie and a
friendly mummy.


Message History

r - Retreat! s - Stop attacking. g - Guard the area. f - Follow me.
Anything else - Cancel.
Gang up on whom?
Aim: a worker ant zombie Attack!
The worker ant zombie completely misses you.
What are your orders? t - Shout!
Orders for allies: a - Attack new target. p - Attack previous target. r - Retreat! s - Stop attacking. g - Guard the area. f - Follow me.
Anything else - Cancel.
Gang up on whom?
Aim: a mummy Attack!
The worker ant zombie bites you.
* * * LOW HITPOINT WARNING * * *
Your mummy hits the mummy!
The mummy is destroyed!
The Council accepts your kill.
A giant cockroach zombie comes into view.
Your hands begin to glow red.
The worker ant zombie closely misses you.
The worker ant zombie bites you.
* * * LOW HITPOINT WARNING * * *
There is an empty arch of ancient stone here.
You hit the mummy but do no damage. The mummy hits you!
You die...

Action                   |  1- 3 |  4- 6 || total
-------------------------+-------+-------++-------
Melee: Dagger            |    90 |    69 ||   159
 Fire: Hunting sling     |       |    86 ||    86
 Cast: Corona            |     2 |       ||     2
       Ensorcelled Hiber |    19 |    41 ||    60
       Confusing Touch   |       |     4 ||     4
Invok: Lunge             |       |     1 ||     1
Evoke: Wand              |       |     1 ||     1
 Stab: Sleeping          |    21 |    30 ||    51
       Confused          |       |     1 ||     1
  Eat: Ration            |       |     2 ||     2
Armor: Robe              |     3 |     5 ||     8
Dodge: Dodged            |    52 |    56 ||   108

Levels and vault maps discovered:
D:1:      dpeg_arrival_rooms_b, layout_loops_corners, chequers_avenue
D:2:      layout_loops_ring, lemuel_crystal_altar,
          nicolae_ru_the_path_less_chosen, uniq_terence
D:3:      kennysheep_goblin_castle, layout_basic,
          chequers_ecumenical_altar_simple, uniq_jessica
D:4:      layout_basic, nicolae_overflow_crystal_walls,
          minmay_temple_entry_drinking_statues
D:5:      layout_cave_pools, serial_shops, shop, first_ration,
          lightli_ossuary_entry_decrepit_ruins
Temple:   regret_index_temple_sphere_string
Ossuary:  ossuary_zaba_flooded

Notes
Turn   | Place    | Note
-------+----------+-------------------------------------------
     0 | D:1      | sanka the Spriggan Enchanter began the quest for the Orb.
     0 | D:1      | Reached XP level 1. HP: 9/9 MP: 5/5
   673 | D:1      | Reached XP level 2. HP: 13/13 MP: 6/6
   677 | D:1      | Learned a level 2 spell: Ensorcelled Hibernation
   706 | D:1      | Reached skill level 5 in Stealth
   775 | D:1      | Reached skill level 2 in Short Blades
  1232 | D:2      | Reached XP level 3. HP: 12/16 MP: 8/8
  1788 | D:2      | Found an ancient bone altar of Kikubaaqudgha.
  1795 | D:2      | Reached skill level 6 in Stealth
  2011 | D:2      | Reached skill level 3 in Short Blades
  2133 | D:2      | Reached XP level 4. HP: 16/21 MP: 2/9
  2345 | D:2      | Found a sacrificial altar of Ru.
  2345 | D:2      | Noticed Terence
  2350 | D:2      | Killed Terence
  2563 | D:3      | Learned a level 3 spell: Confusing Touch
  2937 | D:3      | Found a faded altar of an unknown god.
  2979 | D:3      | Noticed Jessica
  2985 | D:3      | Killed Jessica
  2985 | D:3      | Reached skill level 7 in Stealth
  2985 | D:3      | Reached XP level 5. HP: 17/24 MP: 5/10
  3197 | D:3      | Reached skill level 4 in Short Blades
  3719 | D:3      | Noticed Ijyb
  3731 | D:3      | Killed Ijyb
  3970 | D:4      | Found a staircase to the Ecumenical Temple.
  4021 | D:4      | Reached skill level 8 in Stealth
  4024 | D:4      | Reached XP level 6. HP: 28/28 MP: 6/11
  4028 | D:4      | Reached skill level 5 in Short Blades
  4328 | D:4      | Reached skill level 3 in Spellcasting
  4333 | D:4      | Reached skill level 4 in Hexes
  4795 | Temple   | Entered the Ecumenical Temple
  4952 | Temple   | Became a worshipper of the Wu Jian Council
  4991 | D:4      | Found a sacrificial altar of Ru.
  5215 | D:4      | Learned a level 3 spell: Tukima's Dance
  5464 | D:4      | Learned a level 1 spell: Animate Skeleton
  5526 | D:5      | Entered Level 5 of the Dungeon
  5540 | D:5      | Reached skill level 4 in Spellcasting
  5543 | D:5      | Found a sand-covered staircase.
  5552 | Ossuary  | Entered an ossuary
  5589 | Ossuary  | Slain by a mummy

Vanquished Creatures
  A hound (D:4)
  3 orc priests (D:4)
  Jessica (D:3)
  Ijyb (D:3)
  Terence (D:2)
  4 orc wizards (D:4)
  2 worker ants
  A howler monkey skeleton (D:4)
  5 adders
  A worm (D:3)
  2 dart slugs
  2 leopard geckos
  11 orcs
  A ball python (D:1)
  3 giant cockroaches
  13 goblins
  8 hobgoblins
  5 jackals
  4 kobolds
  2 bats
  4 frilled lizards
  8 rats
83 creatures vanquished.

Vanquished Creatures (collateral kills)
  2 mummies (Ossuary)
2 creatures vanquished.

Vanquished Creatures (others)
  2 withered plants (Ossuary)
2 creatures vanquished.

Grand Total: 87 creatures vanquished
